 Dungeon Crawl Stone Soup version 0.21-a0-516-gaaff437 (webtiles) character file.

85 Laiders the Insei (level 4, 0/32 HPs)
             Began as a Merfolk Transmuter on Dec 3, 2017.
             Slain by barbarian's ghost (14 damage)
             ... on level 3 of the Dungeon.
             The game lasted 00:05:44 (2585 turns).

Laiders the Insei (Merfolk Transmuter)              Turns: 2585, Time: 00:05:45

Health: 0/32       AC:  2    Str: 10    XL:     4   Next: 48%
Magic:  2/8        EV: 21    Int: 18    God:
Gold:   123        SH:  0    Dex: 19    Spells: 2/8 levels left

rFire    . . .     SeeInvis .     - Unarmed
rCold    . . .     Gourm    .   (shield currently unavailable)
rNeg     . . .     Faith    .   (armour currently unavailable)
rPois    x         Spirit   .   (helmet currently unavailable)
rElec    .         Reflect  .   (cloak currently unavailable)
rCorr    .         Harm     .   (gloves currently unavailable)
MR       .....                  (boots currently unavailable)
Stlth    ++........             (no amulet)
HPRegen  0.10/turn              (no ring)
MPRegen  0.11/turn              (no ring)

@: brilliant, spider-form
A: tiny, (change form in water), (swift swim), (stealthy swim)
a: End Transformation


You were on level 3 of the Dungeon.
You were hungry.
You were a venomous arachnid creature.
You visited 1 branch of the dungeon, and saw 3 of its levels.

You collected 123 gold pieces.

Inventory:

Missiles
 a - 29 arrows
Armour
 m - a +0 pair of boots (melded)
 n - a +2 pair of gloves (melded)
 s - a +0 leather armour (melded)
 t - a +0 cloak (melded)
Jewellery
 y - a +3 ring of strength {unknown}
Scrolls
 e - 2 scrolls of identify {unknown}
 j - a scroll of fear {unknown}
 p - a scroll of enchant weapon {unknown}
 r - a scroll of teleportation {unknown}
 u - a scroll of amnesia {unknown}
 x - a scroll of random uselessness {unknown}
Potions
 h - a potion of mutation {unknown}
 i - a potion of brilliance
 l - a potion of degeneration {unknown}
 o - a potion of agility {unknown}
 q - 2 potions of lignification {unknown}
 v - 2 potions of heal wounds
 w - a potion of cancellation {unknown}
Books
 c - a book of Changes

   Spells                             Type                      Level
   a - Beastly Appendage              Transmutation                1
   b - Sticks to Snakes               Transmutation                2
   c - Spider Form                    Transmutation/Poison         3
   d - Ice Form                       Ice/Transmutation            4
   e - Blade Hands                    Transmutation                5
Comestibles
 b - a chunk of flesh
 d - a bread ration
 f - 4 fruits
 g - a meat ration
 k - 2 royal jellies


   Skills:
 - Level 1.1 Fighting
 - Level 2.6 Dodging
 + Level 4.2 Unarmed Combat
 + Level 2.9 Spellcasting
 + Level 4.1 Transmutations


You had 2 spell levels left.
You knew the following spells:

 Your Spells              Type           Power        Failure   Level  Hunger
a - Beastly Appendage     Tmut           ####..       1%          1    None
b - Sticks to Snakes      Tmut           ####....     1%          2    ##.....
c - Spider Form           Tmut/Pois      ###.......   5%          3    ###....


Dungeon Overview and Level Annotations

Branches:
Dungeon (3/15)

Altars:

Portals:
Sewer: D:3

Annotations:
D:3 barbarian's ghost, amateur MiFi


Message History

You hit barbarian's ghost but do no damage.
Barbarian's ghost is moderately damaged.
Barbarian's ghost hits you!
Your ball python bites barbarian's ghost but does no damage.
Your adder bites barbarian's ghost.
You hit barbarian's ghost.
Barbarian's ghost is heavily damaged.
Your ball python bites barbarian's ghost but does no damage.
Barbarian's ghost barely misses you.
Your adder barely misses barbarian's ghost.
You barely miss barbarian's ghost.
Barbarian's ghost is heavily damaged.
Your ball python bites barbarian's ghost but does no damage.
Barbarian's ghost closely misses you.
Your adder bites barbarian's ghost.
You hit barbarian's ghost.
Barbarian's ghost is severely damaged.
Your ball python closely misses barbarian's ghost.
Your adder closely misses barbarian's ghost.
Barbarian's ghost hits you!
You die...

#.# #.# #.. #.# ###.#
#.##.##)# ######.#.# #.#
##...##..# .?#
##.###.#.## ##.# .# #.##
##.#.###..###.### #.#
#....#..sS...... #.##
#.###.##W###.###
##.###.## #$#S..#..###
##...# ##.#........#
##.#.# #..#..#..≈#..##
##.###.###.#...≈≈≈≈≈....
##.## #<##.#.#≈≈≈≈≈≈≈#..
#.## ##.#...≈≈≈≈≈≈≈≈≈[.
##.##
##.##....≈≈≈∩≈≈≈...


You could see barbarian's ghost, a friendly adder and a friendly ball python.

Vanquished Creatures
  3 adders (D:2)
  3 worms
  2 leopard geckos (D:1)
  2 ball pythons
  A giant cockroach (D:3)
  A hobgoblin (D:2)
  6 jackals (D:2)
  2 quokkas (D:2)
  5 bats
  2 frilled lizards (D:1)
  5 goblins
  7 kobolds
  9 rats
48 creatures vanquished.

Notes
Turn   | Place    | Note
-------+----------+-------------------------------------------
     0 | D:1      | Laiders the Merfolk Transmuter began the quest for the Orb.
     0 | D:1      | Reached XP level 1. HP: 15/15 MP: 3/3
   505 | D:1      | Reached XP level 2. HP: 21/21 MP: 5/5
   516 | D:1      | Learned a level 2 spell: Sticks to Snakes
  1418 | D:2      | Reached XP level 3. HP: 18/26 MP: 4/6
  1537 | D:2      | Learned a level 3 spell: Spider Form
  2248 | D:2      | Reached XP level 4. HP: 32/32 MP: 6/8
  2553 | D:3      | Found a glowing drain.
  2557 | D:3      | Noticed barbarian's ghost (amateur MiFi)
  2585 | D:3      | Slain by barbarian's ghost

Vault maps used:
D:1:      minmay_arrival_checkered_box, serial_bayou, serial_bayou_pond_a,
          serial_bayou_pond_e, serial_bayou_pond_e, serial_bayou_shore_a,
          serial_bayou_lake_a, serial_bayou_lagoon_a, due_unseen_surprise
D:3:      lemuel_coloured_pillars_altar, first_bread,
          cheibrodos_sewer_entry_drain, uniq_robin

Skill      XL: |  1  2  3 |
---------------+----------+-----
Transmutations | 3 4 |  4.1
Unarmed Combat | 4 |  4.2
Fighting       | |  1.1
Dodging        | |  2.6
Spellcasting   | |  2.9

Action                   |  1- 3 |  4- 6 || total
-------------------------+-------+-------++-------
Melee: Unarmed           |   129 |    44 ||   173
       Headbutt          |     6 |       ||     6
       Tailslap          |       |     2 ||     2
 Cast: Beastly Appendage |     6 |     1 ||     7
       Sticks to Snakes  |       |     2 ||     2
       Spider Form       |       |     1 ||     1
  Use: Potion            |       |     2 ||     2
 Stab: Sleeping          |     1 |       ||     1
  Eat: Chunk             |     4 |     1 ||     5
Armor: Robe              |    20 |       ||    20
       Leather armour    |    10 |    20 ||    30
Dodge: Dodged            |    98 |    39 ||   137

Table legend:
 A = Spawn XP
 B = Non-spawn XP
 C = Spawn XP percentage of total XP
 D = Spawn monster count
 E = Non-spawn monster count
 F = Spawn count percentage of total count
 G = Total turns spent on level
                    A         B        C        D         E        F      G
               +---------+---------+-------+---------+---------+-------+---------
         Total |       0 |     122 |   0.0 |       0 |      48 |   0.0 |  2585
               +---------+---------+-------+---------+---------+-------+---------
           D:1 |       0 |      28 |   0.0 |       0 |      20 |   0.0 |  1404
           D:2 |       0 |      85 |   0.0 |       0 |      25 |   0.0 |  1116
           D:3 |       0 |       9 |   0.0 |       0 |       3 |   0.0 |    65
               +---------+---------+-------+---------+---------+-------+---------
